 Dungeon Crawl Stone Soup version 0.29-a0-577-gafbf2c5d25 (webtiles) character file.

Game seed: 17447971215621069151

352 ders the Magician (level 6, -1/40 HPs)
             Began as a Djinni Conjurer on June 13, 2022.
             Killed from afar by an orc wizard (3 damage)
             ... with a puff of flame
             ... on level 4 of the Dungeon.
             The game lasted 00:04:42 (3394 turns).

ders the Magician (Djinni Conjurer)                 Turns: 3394, Time: 00:04:43

Health: -1/40      AC:  2    Str:  6    XL:     6   Next: 94%
Gold:   195        EV: 12    Int: 31    God:
                   SH:  0    Dex: 11

rFire   + + .      SeeInvis .   k - +8 dagger of Putrescence {vorpal, Int+3}
rCold   x . .      Faith    .   (no shield)
rNeg    + . .      Spirit   .   a - +0 robe
rPois   ∞          Reflect  .   (no helmet)
rElec   .          Harm     .   (no cloak)
rCorr   .          Rampage  .   (no gloves)
Will    .....                   (boots unavailable)
Stlth   ++........              (no amulet)
HPRegen 0.13/turn               f - ring of positive energy
MPRegen 0.00/turn               l - +6 ring of intelligence

@: brilliant, flying
A: sickness immunity, fire resistance 2, cold vulnerability 1, float, innate
caster, HP casting, extra vitality 1, wild magic 1, no potion heal 1
a: no special abilities


You were on level 4 of the Dungeon.
You visited 1 branch of the dungeon, and saw 4 of its levels.

You collected 195 gold pieces.

Inventory:

Hand Weapons
 k - the +8 dagger of Putrescence (weapon) {vorpal, Int+3}
   (You found it on level 2 of the Dungeon)

   It inflicts extra damage upon your enemies.
   Int:       It affects your intelligence (+3).
Armour
 a - a +0 robe (worn)
Jewellery
 f - a ring of positive energy (left hand)
 l - a +6 ring of intelligence (right hand)
Wands
 n - a wand of polymorph (4)
 s - a wand of iceblast (13)
Scrolls
 c - 4 scrolls of identify {unknown}
 g - a scroll of vulnerability
 o - a scroll of fog
Potions
 b - 3 potions of mutation
 d - 2 potions of brilliance
 e - 2 potions of invisibility {unknown}
 h - 2 potions of degeneration {unknown}
 i - 3 potions of might {unknown}
 j - a potion of berserk rage {unknown}
 p - a potion of attraction {unknown}
 q - a potion of lignification {unknown}


   Skills:
 - Level 2.1 Dodging
 - Level 1.5 Stealth
 + Level 6.0 Spellcasting


You couldn't memorise any spells.
You knew the following spells:

 Your Spells              Type           Power      Damage    Failure   Level
a - Magic Dart            Conj           100%       1d8       1%          1
b - Searing Ray           Conj           100%       2d8       1%          2
c - Dazzling Flash        Conj/Hex       100%       N/A       2%          3
d - Fulminant Prism       Conj/Hex       37%        3d18      7%          4
e - Iskenderun's Mystic   Conj/Tloc      75%        2d15      7%          4
f - Slow                  Hex            100%       N/A       1%          1
g - Call Imp              Summ           75%        N/A       1%          2
Your spell library was empty.

Dungeon Overview and Level Annotations

Branches:
Dungeon (4/15)
 Temple: D:4-7

Altars:

Shops:
D:3 (


Innate Abilities, Weirdness & Mutations

You are immune to sickness and miasma.
You are immune to poison.
Your flesh is very heat resistant. (rF++)
You are vulnerable to cold. (rC-)
You float through the air rather than walking.
You learn spells naturally, not from books.
Your magical power is your life essence.
You have superior vitality. (+4 MHP)
Your spells are a little harder to cast, but a little more powerful.
Potions are less effective at restoring your health.


Message History

Casting: Magic Dart (safe; 1% risk of failure)
Confirm with . or Enter, or press ? or * to list all spells.
You can't see any susceptible monsters within range! (Use Z to cast anyway.)
Casting: Magic Dart (safe; 1% risk of failure)
Confirm with . or Enter, or press ? or * to list all spells.
You can't see any susceptible monsters within range! (Use Z to cast anyway.)
You hear some strange, mumbled words.
Something tries to affect you, but you resist.
Things that are here:
a +0 mace; an orc corpse
Casting: Magic Dart (safe; 1% risk of failure)
Confirm with . or Enter, or press ? or * to list all spells.
You don't know that spell.
You hear some strange, mumbled words.
A puff of flame appears from out of thin air!
The puff of flame hits you. You resist.
* * * LOW HITPOINT WARNING * * *
You hear some strange, mumbled words.
A magic dart appears from out of thin air!
The magic dart hits you!
* * * LOW HITPOINT WARNING * * *
You see here a +0 trident.
Something hits you.
* * * LOW HITPOINT WARNING * * *
You miss something. Something hits you.
* * * LOW HITPOINT WARNING * * *
Casting: Magic Dart (safe; 1% risk of failure)
Confirm with . or Enter, or press ? or * to list all spells.
You don't have enough health to cast this spell.
Unknown command.
It was a potion of mutation.
You feel extremely strange.
You feel less in control of your magic.
Your system partially rejects the healing effects of potions.
Something hits you but does no damage.
It was a potion of brilliance.
You feel clever all of a sudden.
You hear some strange, mumbled words.
A puff of flame appears from out of thin air!
The puff of flame hits you. You resist.
You die...

........ ##.##
...........
##.##
..........
##.##
......)...##.##
...>.....##..#
.........#..##
#.......#).##
#........##
.#....@)##
...#..†{##
.......##
...<..# ......
...... ##..#
#..


There were no monsters in sight!

Vanquished Creatures
  A jelly (D:3)
  An orc priest (D:3)
  Jessica (D:3)
  Natasha (thrice) (D:2)
  7 adders
  2 worms (D:2)
  2 dart slugs
  7 orcs
  7 bats
  5 endoplasms
  3 giant cockroaches
  7 goblins
  2 hobgoblins
  12 jackals
  A quokka (D:1)
  10 ball pythons
  3 frilled lizards
  8 kobolds
  2 rats
84 creatures vanquished.

Vanquished Creatures (others)
  6 plants (D:2)
6 creatures vanquished.

Grand Total: 90 creatures vanquished

Notes
Turn   | Place    | Note
-------+----------+-------------------------------------------
     0 | D:1      | ders the Djinni Conjurer began the quest for the Orb.
     0 | D:1      | Reached XP level 1. HP: 15/15 MP: 0/0
   379 | D:1      | Reached XP level 2. HP: 15/21 MP: 0/0
   511 | D:1      | Found a faded altar of an unknown god.
  1023 | D:1      | Reached XP level 3. HP: 23/25 MP: 0/0
  1023 | D:1      | Learned a level 1 spell: Slow
  1084 | D:2      | Noticed Natasha
  1089 | D:2      | Killed Natasha
  1090 | D:2      | Reached skill level 4 in Spellcasting
  1096 | D:2      | Reached XP level 4. HP: 22/31 MP: 0/0
  1306 | D:2      | Identified the +8 dagger of Putrescence {vorpal, Int+3}
  1338 | D:2      | Noticed Natasha
  1342 | D:2      | Killed Natasha
  1780 | D:2      | Reached XP level 5. HP: 32/35 MP: 0/0
  1780 | D:2      | Learned a level 2 spell: Call Imp
  1924 | D:2      | Noticed Natasha
  1927 | D:2      | Killed Natasha
  2087 | D:3      | Reached skill level 5 in Spellcasting
  2265 | D:3      | Noticed Jessica
  2268 | D:3      | Killed Jessica
  2332 | D:3      | Reached XP level 6. HP: 32/40 MP: 0/0
  3131 | D:3      | Found Ujeej Hacay's Antique Weapon Shop.
  3305 | D:4      | Reached skill level 6 in Spellcasting
  3392 | D:4      | HP: 1/40 [something (2)]
  3393 | D:4      | Gained mutation: Your spells are a little harder to cast,
                  | but a little more powerful. [potion of mutation]
  3393 | D:4      | Gained mutation: Potions are less effective at restoring
                  | your health. [potion of mutation]
  3394 | D:4      | Killed from afar by an orc wizard

Illustrated notes

Levels and vault maps discovered:
D:1:      minmay_arrival_plants_in_alcoves, layout_loops_ring,
          hellmonk_ecumenical_altar_crossroads
D:2:      cheibrodos_old_hovel, layout_rooms, minmay_vboxes, uniq_natasha
D:3:      layout_basic, serial_shops, nicolae_shop_stone, uniq_jessica
D:4:      layout_cave_pods, enter_ossuary_4, minmay_box_of_dots, uniq_ijyb

Skill      XL: |  1  2  3  4  5  6 |
---------------+-------------------+-----
Spellcasting   | 4 5 6 |  6.0
Dodging        | |  2.1
Stealth        | |  1.5

Action                   |  1- 3 |  4- 6 || total
-------------------------+-------+-------++-------
Melee: Dagger            |       |     1 ||     1
 Cast: Magic Dart        |    42 |   137 ||   179
       Searing Ray       |       |     6 ||     6
       Iskenderun's Myst |       |     1 ||     1
  Use: Scroll            |       |     4 ||     4
       Potion            |       |     2 ||     2
Armor: Robe              |       |     2 ||     2
Dodge: Dodged            |     1 |     7 ||     8

Table legend: (Time is in decaauts)
 A = Elapsed time spent in this place.
 B = Non-inter-level travel time spent in this place.
 C = Inter-level travel time spent in this place.
 D = Time resting spent in this place.
 E = Time spent auto-exploring this place.
 F = Levels seen in this place.
 G = Mean time per level.
                   A        B        C        D        E       F      G
               +--------+--------+--------+--------+--------+-----+--------+
         Total |   3391 |   3146 |    245 |    316 |   2496 |   4 |  847.8 |
       Dungeon |   3391 |   3146 |    245 |    316 |   2496 |   4 |  847.8 |
               +--------+--------+--------+--------+--------+-----+--------+

Top non-repeatable levels by time:
     D:3: 1192 daAuts
     D:1: 1084 daAuts
     D:2: 902 daAuts
     D:4: 212 daAuts
